 Dungeon Crawl Stone Soup version 0.27.0-1-g7a089689b8 (webtiles) character file.

Game seed: 7802607866353535661

3961 gimp the Slicer (level 10, 0/49 HPs)
             Began as a Spriggan Transmuter on Aug 11, 2021.
             Was a Believer of Dithmenos.
             Killed from afar by an efreet (28 damage)
             ... with a fireball
             ... on level 8 of the Dungeon.
             The game lasted 00:30:05 (9671 turns).

gimp the Slicer (Spriggan Transmuter)               Turns: 9671, Time: 00:30:05

Health: 0/49       AC:  5    Str: 12    XL:     10   Next: 2%
Magic:  22/22      EV: 34    Int: 18    God:    Dithmenos [**....]
Gold:   179        SH:  0    Dex: 16    Spells: 14/24 levels left

rFire    . . .     SeeInvis +   a - +1 dagger (elec)
rCold    + . .     Faith    .   (shield restricted)
rNeg     . . .     Spirit   .   j - +2 robe "Voteym" {rElec rC+}
rPois    .         Reflect  .   (helmet restricted)
rElec    +         Harm     .   s - +0 cloak
rCorr    .         Rampage  .   (gloves unavailable)
Will     +....                  (boots unavailable)
Stlth    ++++......             G - amulet of the acrobat
HPRegen  0.16/turn              g - +4 ring of slaying
MPRegen  0.18/turn              n - +6 ring of strength

@: about to teleport, acrobatic, wreathed by umbra, very quick
A: very small, no large weapons, unfitting armour, see invisible, speed 3
a: Renounce Religion, Shadow Step


You were on level 8 of the Dungeon.
You worshipped Dithmenos.
Dithmenos was pleased with you.
You visited 2 branches of the dungeon, and saw 9 of its levels.

You collected 435 gold pieces.
You spent 256 gold pieces at shops.

Inventory:

Hand Weapons
 a - a +1 dagger of electrocution (weapon)
 b - a +2 vampiric dagger
 c - a +2 dagger of holy wrath
Missiles
 B - a curare-tipped dart
Armour
 j - the +2 robe "Voteym" (worn) {rElec rC+}
   (You found it on level 7 of the Dungeon)

   rC:        It protects you from cold.
   rElec:     It insulates you from electricity.
 s - a +0 cloak (worn)
 x - a +0 buckler
 D - a +2 robe of willpower
Magical Staves
 h - a staff of conjuration
Jewellery
 g - a +4 ring of slaying (left hand)
 n - a +6 ring of strength (right hand)
 u - a ring of flight
 F - a ring of magical power
 G - an amulet of the acrobat (around neck)
 L - a ring of positive energy
Wands
 A - a wand of polymorph (11)
 H - a wand of mindburst (1) (quivered)
Scrolls
 i - a scroll of acquirement
 m - a scroll of blinking {unknown}
 o - a scroll of amnesia {unknown}
 q - 2 scrolls of fog
 v - a scroll of vulnerability {unknown}
 w - a scroll of enchant armour {unknown}
 y - 4 scrolls of teleportation
 C - a scroll of silence {unknown}
 E - 3 scrolls of immolation
 J - a scroll of enchant weapon {unknown}
Potions
 d - 2 potions of mutation
 e - 2 potions of might {unknown}
 f - a potion of ambrosia {unknown}
 k - 2 potions of magic {unknown}
 l - 2 potions of curing {unknown}
 p - 6 potions of lignification {unknown}
 r - a potion of haste
 t - a potion of flight
 z - a potion of heal wounds
 I - 2 potions of cancellation
 K - a potion of degeneration {unknown}


   Skills:
 - Level 3.0 Fighting
 - Level 10.0 Short Blades
 - Level 5.3 Dodging
 - Level 6.0 Stealth
 + Level 3.7 Shields
 - Level 2.4 Unarmed Combat
 - Level 7.7 Spellcasting
 + Level 5.1 Hexes
 - Level 2.6 Transmutations


You had 14 spell levels left.
You knew the following spells:

 Your Spells              Type           Power      Damage    Failure   Level
a - Beastly Appendage     Tmut           32%        N/A       3%          1
b - Invisibility          Hex            12%        N/A       88%         6
c - Dazzling Flash        Conj/Hex       32%        N/A       11%         3

Your spell library contained the following spells:

 Spells                   Type           Power      Damage    Failure   Level
 Corona                   Hex            27%        N/A       1%          1
 Tukima's Dance           Hex            25%        N/A       3%          3
 Wereblood                Tmut           16%        N/A       4%          2
 Ensorcelled Hibernation  Hex/Ice        32%        N/A       5%          2
 Passwall                 Tmut/Erth      9%         N/A       9%          2
 Animate Skeleton         Necr           12%        N/A       10%         1
 Apportation              Tloc           12%        N/A       10%         1
 Pain                     Necr           24%        1d5       10%         1
 Summon Small Mammal      Summ           24%        N/A       10%         1
 Static Discharge         Conj/Air       6%         N/A       16%         2
 Spider Form              Tmut/Pois      5%         N/A       17%         3
 Swiftness                Air            6%         N/A       30%         3
 Vampiric Draining        Necr           3%         2d6       30%         3
 Ice Form                 Ice/Tmut       11%        N/A       50%         4
 Yara's Violent Unravell  Hex/Tmut       10%        3d6       50%         5
 Animate Dead             Necr           3%         N/A       69%         4
 Passage of Golubria      Tloc           N/A        N/A       69%         4
 Silence                  Hex/Air        8%         N/A       69%         5
 Alistair's Intoxication  Tmut/Pois      7%         N/A       85%         5
 Agony                    Necr           6%         N/A       95%         5
 Borgnjor's Vile Clutch   Necr/Erth      3%         N/A       95%         5
 Lightning Bolt           Conj/Air       3%         1d14      95%         5
 Death Channel            Necr           3%         N/A       100%        6
 Maxwell's Capacitive Co  Air            3%         ∞         100%        8


Dungeon Overview and Level Annotations

Branches:
Dungeon (8/15)             Temple (1/1) D:4
   Lair: D:8-11

Altars:
Ashenzari
Dithmenos
Fedhas
Gozag
Hepliaklqana
Kikubaaqudgha
Makhleb
Nemelex Xobeh
Okawaru
Qazlal
Ru
Sif Muna
Trog
Uskayaw
Vehumet
Wu Jian
Xom
Yredelemnul
Zin
The Shining One

Shops:
D:4 (**   D:7 =[


Innate Abilities, Weirdness & Mutations

You are very small and have problems with some larger weapons.
You are too small for most types of armour.
You have supernaturally acute eyesight. (SInv)
You cover ground extremely quickly. (Speed+++)


Message History

Dithmenos accepts your kill.
No target in view!
No target in view!
No target in view!
Things that are here:
a +0 club; an orc corpse An efreet comes into view.
It is wielding a +4 scimitar of flaming.
You see here a ring of positive energy.
Health restored: 49 An efreet is nearby!
You see here a ring of positive energy.
L - a ring of positive energy
Okay, then.
The efreet gestures at you.
The fireball explodes!
The fireball engulfs you!!
You take 21 damage, and have 28/49 hp.
MASSIVE DAMAGE!!
You start putting on your amulet.
You continue putting on your amulet of the acrobat. x4
The efreet gestures at you.
The fireball explodes!
The fireball engulfs you!!
Ouch! That really hurt!
* * * LOW HITPOINT WARNING * * *
You continue putting on your amulet of the acrobat.
You finish putting on your amulet of the acrobat.
You feel ready to tumble and roll out of harm's way.
G - an amulet of the acrobat (around neck)
You take 27 damage, and have 2/49 hp.
MASSIVE DAMAGE!!
Okay, then.
It was a potion of heal wounds.
You feel much better.
You regained 26 hp, and now have 28/49 hp.
This is a scroll of acquirement!
You see here a book of Misfortune.
Something appears at your feet!
As you read the scroll labelled KULOISESEQ, it crumbles to dust.
You feel strangely unstable.
It was a scroll of teleportation.
The efreet misses you.
You hit the efreet but do no damage. The efreet gestures at you.
The fireball explodes!
The fireball engulfs you!!
Ouch! That really hurt!
You die...

..#.......###..#
#..........##..# ....
#.............## ####.....
#........).....# #........
#..............## #........
#..#............## #........
#...#............####........
#..................##........
#.........R:@................
.........°#####........#.....
..........# ##........#....
.......°..## ##.......#....
###....○...# #............
###......# ##............
##.....# #.............
#...R...................
#....☼..................


You could see an efreet.

Vanquished Creatures
  A two-headed ogre (D:8)
  Pikel (D:7)
  A hornet (D:8)
  2 wyverns (D:7)
  Edmund (D:6)
  A water moccasin (D:7)
  An orc warrior (D:7)
  An ice beast (D:7)
  3 ogres
  A necrophage (D:8)
  2 centaurs
  3 lemures
  A phantom (D:5)
  A kobold brigand (D:7)
  2 bullfrogs
  A scorpion (D:5)
  A water moccasin skeleton (D:4)
  A howler monkey (D:5)
  2 centaur zombies (D:6)
  3 bullfrog zombies
  4 orc priests
  4 hounds
  2 jellies
  Crazy Yiuf (D:2)
  2 centaur skeletons (D:4)
  5 iguanas
  5 orc wizards
  A hound zombie (D:5)
  A hound skeleton (D:4)
  A howler monkey skeleton (D:7)
  A howler monkey zombie (D:7)
  7 adders
  A shadow imp (D:7)
  4 white imps
  12 orcs
  A ball python (D:1)
  12 endoplasms
  3 giant cockroaches
  8 goblins
  5 hobgoblins
  10 jackals
  3 quokkas
  5 bats
  8 frilled lizards
  8 kobolds
  A quokka skeleton (D:4)
  8 rats
153 creatures vanquished.

Vanquished Creatures (others)
  2 plants (D:4)
2 creatures vanquished.

Grand Total: 155 creatures vanquished

Notes
Turn   | Place    | Note
-------+----------+-------------------------------------------
     0 | D:1      | gimp the Spriggan Transmuter began the quest for the Orb.
     0 | D:1      | Reached XP level 1. HP: 9/9 MP: 5/5
   101 | D:1      | Reached skill level 1 in Stealth
   466 | D:1      | Reached XP level 2. HP: 12/14 MP: 4/6
  1298 | D:1      | Reached XP level 3. HP: 9/17 MP: 6/8
  1794 | D:2      | Noticed an ogre
  1960 | D:3      | Found a stormy altar of Qazlal.
  2047 | D:4      | Noticed an ogre
  2221 | D:3      | Reached XP level 4. HP: 16/21 MP: 6/9
  2234 | D:3      | Found a sparkling altar of Nemelex Xobeh.
  2416 | D:4      | Reached skill level 5 in Dodging
  2455 | D:4      | Found Iwirphez's Assorted Antiques.
  2473 | D:4      | Reached XP level 5. HP: 16/25 MP: 10/10
  2687 | D:4      | Found Zuydaq's Antique Weapon Emporium.
  2690 | D:4      | Bought a runed dagger for 120 gold pieces
  2755 | D:4      | Found a staircase to the Ecumenical Temple.
  2765 | Temple   | Entered the Ecumenical Temple
  2949 | Temple   | Became a worshipper of Dithmenos the Shadowed
  2979 | D:4      | Reached skill level 1 in Fighting
  2979 | D:4      | Reached skill level 1 in Short Blades
  2979 | D:4      | Reached skill level 5 in Stealth
  3159 | D:4      | Found an ancient bone altar of Kikubaaqudgha.
  3207 | D:4      | Reached skill level 2 in Short Blades
  3628 | D:4      | Found Fuoly's General Store.
  3631 | D:4      | Bought a scroll of identify for 22 gold pieces
  3631 | D:4      | Bought a scroll of fog for 22 gold pieces
  3658 | D:5      | Entered Level 5 of the Dungeon
  3675 | D:5      | Reached XP level 6. HP: 12/30 MP: 11/11
  4049 | D:5      | Reached skill level 3 in Short Blades
  4402 | D:5      | Reached skill level 4 in Short Blades
  4402 | D:5      | Reached XP level 7. HP: 17/35 MP: 11/13
  4583 | D:5      | Found a burning altar of Makhleb.
  4915 | D:6      | Found an iron altar of Okawaru.
  4935 | D:5      | Reached skill level 5 in Short Blades
  4941 | D:6      | Noticed Edmund
  5092 | D:6      | Killed Edmund
  5212 | D:6      | Reached * piety under Dithmenos
  5249 | D:6      | Noticed a steam dragon
  5263 | D:7      | Noticed Pikel
  5567 | D:6      | Reached XP level 8. HP: 24/40 MP: 16/16
  5692 | D:6      | Found a radiant altar of Vehumet.
  5850 | D:7      | Noticed a troll
  5852 | D:7      | Reached skill level 6 in Short Blades
  5852 | D:7      | Reached skill level 5 in Spellcasting
  6053 | D:7      | Reached skill level 7 in Short Blades
  6185 | D:7      | Found Ygue's Antique Armour Emporium.
  6192 | D:7      | Bought a glowing robe for 92 gold pieces
  6257 | D:7      | Learned a level 6 spell: Invisibility
  6274 | D:7      | Killed Pikel
  6275 | D:7      | Reached skill level 8 in Short Blades
  6275 | D:7      | Reached XP level 9. HP: 40/44 MP: 18/20
  6312 | D:7      | Found a glowing golden altar of the Shining One.
  6325 | D:7      | Found Otseic's Jewellery Shop.
  6343 | D:7      | Reached skill level 9 in Short Blades
  6579 | D:7      | Learned a level 3 spell: Dazzling Flash
  6589 | D:7      | Identified the +2 robe "Voteym" {rElec rC+}
  6791 | D:7      | Identified the +3 quarterstaff "Pyhusacza" {protect, *Noise
                  | MP+9 Dex+8}
  6957 | D:8      | Reached skill level 1 in Shields
  7684 | D:6      | Found a basalt altar of Yredelemnul.
  7779 | D:6      | Reached skill level 1 in Hexes
  7781 | D:6      | Reached ** piety under Dithmenos
  7941 | D:5      | Reached skill level 10 in Short Blades
  8453 | D:2      | Found a runed translucent door.
  8454 | D:2      | Noticed Crazy Yiuf
  8657 | D:2      | Found a faded altar of an unknown god.
  9062 | D:2      | Killed Crazy Yiuf
  9334 | D:8      | Noticed a two-headed ogre
  9372 | D:8      | Killed a two-headed ogre
  9501 | D:8      | Reached skill level 5 in Hexes
  9501 | D:8      | Reached XP level 10. HP: 49/49 MP: 22/22
  9532 | D:8      | Found a sacrificial altar of Ru.
  9665 | D:8      | HP: 2/49 [efreet/fireball (27)]
  9668 | D:8      | Identified 2 scrolls of acquirement
  9668 | D:8      | Acquired a book of Misfortune
  9671 | D:8      | Killed from afar by an efreet

Illustrated notes

Levels and vault maps discovered:
D:1:      heliophobic_arrival_dark_side_of_the_moon, layout_rooms
D:2:      layout_loops_ring, hellmonk_ecumenical_altar_blasted,
          uniq_crazy_yiuf_cottage
D:3:      layout_basic, mainiacjoe_overflow_alcove_1,
          nicolae_qazlal_scattered_showers
D:4:      layout_loops_ring, kiku_gazebo_pond_becter,
          minmay_temple_entry_glassed_door, serial_shops,
          nicolae_shop_behind_doors, nicolae_shop_overgrown_old_shop,
          kennysheep_mini_moat
D:5:      layout_cave_pools, mainiacjoe_overflow_cross_hatched, minivault_4,
          chequers_garden, hangedman_decor_opposing
D:6:      layout_loops_cross, okawaru_metal_pillars_1_2,
          lemuel_zombie_altar_yredelemnul, nicolae_vehumet_altar_sigil,
          uniq_edmund
D:7:      layout_loops_ring, nicolae_overflow_crystal_walls, serial_shops, shop,
          shop, uniq_pikel, uniq_menkaure
D:8:      layout_layer_cave, mainiacjoe_overflow_paths,
          mainiacjoe_overflow_chevrons, doesnt_shop_hydraphobe
Temple:   jpeg_temple_clearing

Skill      XL: |  1  2  3  4  5  6  7  8  9 |
---------------+----------------------------+-----
Stealth        | 2 3 4 6 |  6.0
Dodging        | 3 4 5 |  5.3
Fighting       | 1 2 3 |  3.0
Short Blades   | 2 4 5 8 10 | 10.0
Spellcasting   | 3 4 7 |  7.7
Shields        | 3 |  3.7
Hexes          | 5 |  5.1
Unarmed Combat | |  2.4
Transmutations | |  2.6

Action                   |  1- 3 |  4- 6 |  7- 9 | 10-12 || total
-------------------------+-------+-------+-------+-------++-------
Melee: Unarmed           |   126 |     4 |       |       ||   130
       Kick              |    19 |    11 |    43 |       ||    73
       Headbutt          |    13 |     5 |    25 |       ||    43
       Punch             |     1 |     2 |     3 |       ||     6
       Dagger            |       |    92 |   353 |     6 ||   451
Throw: Dart              |       |       |     1 |       ||     1
 Cast: Beastly Appendage |    24 |     7 |    17 |       ||    48
Evoke: Wand              |       |       |     9 |       ||     9
  Use: Scroll            |     1 |     2 |     3 |     2 ||     8
       Potion            |       |       |       |     1 ||     1
 Stab: Sleeping          |     5 |     5 |    14 |       ||    24
       Distracted        |     1 |     1 |     2 |       ||     4
Armor: Robe              |    10 |     6 |    15 |       ||    31
Dodge: Dodged            |   108 |    74 |   209 |     1 ||   392
